 Dungeon Crawl Stone Soup version 0.21-a0-401-g0b6bec4 (webtiles) character file.

37 Xenofane the Ogre Mage (level 3, 0/32 HPs)
             Began as an Ogre Wizard on Oct 21, 2017.
             Slain by a hound (3 damage)
             ... on level 2 of the Dungeon.
             The game lasted 00:04:37 (2188 turns).

Xenofane the Ogre Mage (Ogre Wizard)                Turns: 2188, Time: 00:04:38

Health: 0/32       AC:  3    Str: 13 (16) XL:     3   Next: 39%
Magic:  2/8        EV:  9    Int: 23 (24) God:
Gold:   10         SH:  0    Dex:  5 (8)  Spells: 5/10 levels left

rFire    . . .     SeeInvis .   j - +0 dagger
rCold    . . .     Gourm    .   (no shield)
rNeg     . . .     Faith    .   f - +0 robe
rPois    .         Spirit   .   b - +0 hat
rElec    .         Reflect  .   (no cloak)
rCorr    .         Harm     .   (gloves unavailable)
MR       .....                  (boots unavailable)
Stlth    +.........             (no amulet)
HPRegen  0.10/turn              (no ring)
MPRegen  0.11/turn              (no ring)

@: mighty, brilliant
A: unfitting armour, tough skin 1
a: no special abilities


You were on level 2 of the Dungeon.
You were not hungry.

You visited 1 branch of the dungeon, and saw 2 of its levels.

You collected 10 gold pieces.

Inventory:

Hand Weapons
 a - a +0 club
 j - a +0 dagger (weapon)
 m - a +0 hunting sling
Missiles
 k - 66 sling bullets
Armour
 b - a +0 hat (worn)
 f - a +0 robe (worn)
Jewellery
 d - an uncursed ring of magical power
Scrolls
 l - a scroll of identify
Books
 c - a book of Minor Magic

   Spells                             Type                      Level
   a - Magic Dart                     Conjuration                  1
   b - Blink                          Translocation                2
   c - Call Imp                       Summoning                    2
   d - Slow                           Hexes                        2
   e - Conjure Flame                  Conjuration/Fire             3
   f - Mephitic Cloud                 Conjuration/Poison/Air       3
Comestibles
 g - a fruit
 h - a meat ration


   Skills:
 - Level 0.3 Fighting
 + Level 0.3 Slings
 - Level 1.7 Dodging
 - Level 1.4 Stealth
 - Level 4.2 Spellcasting
 * Level 2.0 Conjurations
 - Level 0.8 Summonings
 - Level 0.8 Translocations


You had 5 spell levels left.
You knew the following spells:

 Your Spells              Type           Power        Failure   Level  Hunger
a - Magic Dart            Conj           ####         1%          1    None
b - Blink                 Tloc           N/A          1%          2    #......
c - Call Imp              Summ           ###.....     1%          2    #......


Dungeon Overview and Level Annotations

Branches:
Dungeon (2/15)

Altars:


Innate Abilities, Weirdness & Mutations

You are too large for most types of armour.
You have tough skin. (AC +1)


Message History

It was a potion of degeneration.
There was something very wrong with that liquid.
You feel weakened.
You feel dopey.
You feel clumsy. The hound bites you.
* * * LOW HITPOINT WARNING * * *
The goblin hits you.
* * * LOW HITPOINT WARNING * * *
It was a potion of might.
You feel very mighty all of a sudden. The hound bites you but does no damage.
The goblin barely misses you. The hound barely misses you.
Wield which item (- for none, * to show all)? (? for menu, Esc to quit)
j - a +0 dagger (weapon)
The goblin barely misses you. The hound bites you.
* * * LOW HITPOINT WARNING * * *
You puncture the goblin!
You kill the goblin!
The hound closely misses you. The hound bites you.
You die...

. ....#.##..............#
.h. #....#.######...##.#
.....####K...######.K...)#
........†...((()Kh..#.####
....Kh####..#.#######h#
...## #..#<# #h# . ####..#
#.# #####.######K###.#
.......@hhhh.....#
##.#.#######l##### #.# ..#
.## . ..


You could see a hound, 3 jackals, a kobold and a frilled lizard.

Vanquished Creatures
  An ooze (D:2)
  A dart slug (D:1)
  A leopard gecko (D:1)
  2 bats (D:1)
  2 giant cockroaches (D:1)
  5 goblins
  3 hobgoblins
  A jackal (D:2)
  6 frilled lizards
  4 kobolds (D:1)
  A rat (D:1)
27 creatures vanquished.

Vanquished Creatures (collateral kills)
  A goblin (D:1)
  A rat (D:1)
2 creatures vanquished.

Grand Total: 29 creatures vanquished

Notes
Turn   | Place    | Note
-------+----------+-------------------------------------------
     0 | D:1      | Xenofane the Ogre Wizard began the quest for the Orb.
     0 | D:1      | Reached XP level 1. HP: 16/16 MP: 5/5
   360 | D:1      | Reached skill level 4 in Spellcasting
   657 | D:1      | Reached XP level 2. HP: 24/24 MP: 7/7
  1098 | D:1      | Learned a level 2 spell: Blink
  1101 | D:1      | Learned a level 2 spell: Call Imp
  1108 | D:1      | Reached skill level 1 in Conjurations
  1848 | D:1      | Reached XP level 3. HP: 26/32 MP: 8/8
  2188 | D:2      | Slain by a hound

Vault maps used:
D:1:      dpeg_arrival_short_road
D:2:      nicolae_tso_swordbearing_angel

Skill      XL: |  1  2  3 |
---------------+----------+-----
Spellcasting   | 4 |  4.2
Conjurations   | 1 2 |  2.0
Fighting       | |  0.3
Slings         | |  0.3
Dodging        | |  1.7
Stealth        | |  1.4
Summonings     | |  0.8
Translocations | |  0.8

Action                   || total
-------------------------++-------
Melee: Unarmed           ||    23
       Club              ||     5
       Dagger            ||    22
 Fire: Hunting sling     ||    24
 Cast: Magic Dart        ||    31
       Blink             ||     3
       Call Imp          ||     2
  Use: Potion            ||     6
       Scroll            ||     2
  Eat: Bread ration      ||     1
Armor: Robe              ||    22
Dodge: Dodged            ||    62

Table legend:
 A = Spawn XP
 B = Non-spawn XP
 C = Spawn XP percentage of total XP
 D = Spawn monster count
 E = Non-spawn monster count
 F = Spawn count percentage of total count
 G = Total turns spent on level
                    A         B        C        D         E        F      G
               +---------+---------+-------+---------+---------+-------+---------
         Total |       0 |      53 |   0.0 |       0 |      29 |   0.0 |  2188
               +---------+---------+-------+---------+---------+-------+---------
           D:1 |       0 |      39 |   0.0 |       0 |      24 |   0.0 |  2130
           D:2 |       0 |      14 |   0.0 |       0 |       5 |   0.0 |    58
               +---------+---------+-------+---------+---------+-------+---------
